 Dungeon Crawl Stone Soup version 0.31-a0-865-g3d5d91748a (webtiles) character file.

Game seed: 14663822164475432256

31241 Maratek the Severer (level 13, -7/119 HPs)
             Began as a Minotaur Fighter on Oct 10, 2023.
             Was an Elder of Trog.
             Mangled by a death yak (13 damage)
             ... on level 5 of the Lair of Beasts.
             The game lasted 00:27:11 (15083 turns).

Maratek the Severer (Minotaur Fighter)             Turns: 15083, Time: 00:27:12

Health: -7/119     AC: 26    Str: 27    XL:     13   Next: 24%
Magic:  12/12      EV: 12    Int:  3    God:    Trog [****..]
Gold:   985        SH:  7    Dex: 18    Spells: 12/12 levels left

rFire   . . .        r - +1 war axe (venom)
rCold   . . .        c - +0 buckler
rNeg    + . .        z - +3 plate armour of the Bruised Runes {*Slow Regen+ Int-2 Dex+9}
rPois   +            (helmet restricted)
rElec   .            E - +1 cloak
rCorr   .            h - +2 pair of gloves
SInv    .            e - +0 pair of boots
Will    .....        C - amulet of regeneration Stlth
                     w - ring of poison resistance
HPRegen 1.99/turn    I - ring of positive energy
MPRegen 0.13/turn

%: slow self (1%)
@: no status effects
A: horns 2, retaliatory headbutt
a: Renounce Religion, Berserk, Trog's Hand, Brothers in Arms


You were on level 5 of the Lair of Beasts.
You worshipped Trog.
Trog was greatly pleased with you.
You visited 2 branches of the dungeon, and saw 16 of its levels.
You also visited: Sewer.

You collected 985 gold pieces.

Inventory:

Hand Weapons
 r - a +1 war axe of venom (weapon)
Missiles
 v - 3 throwing nets
Armour
 c - a +0 buckler (worn)
 e - a +0 pair of boots (worn)
 h - a +2 pair of gloves (worn)
 z - the +3 plate armour of the Bruised Runes (worn) {*Slow Regen+ Int-2 Dex+9}
   (You found it on level 4 of the Lair of Beasts)

   Int-2:     It affects your intelligence (-2).
   Dex+9:     It affects your dexterity (+9).
   Regen+:    It increases your rate of health regeneration.
   *Slow:     It may slow you when you take damage.
 E - a +1 cloak (worn)
Jewellery
 p - an amulet of reflection
 w - a ring of poison resistance (left hand)
 C - an amulet of regeneration (around neck)
 D - an amulet of magic regeneration
 I - a ring of positive energy (right hand)
Wands
 g - a wand of roots (13)
 n - a wand of polymorph (27)
 A - a wand of light (24)
 F - a wand of charming (4)
Scrolls
 k - 3 scrolls of revelation
 u - 5 scrolls of teleportation
 x - a scroll of butterflies
 y - a scroll of poison
 B - 3 scrolls of fog
 H - a scroll of identify
 J - a scroll of torment
Potions
 a - 4 potions of magic
 b - a potion of ambrosia {unknown}
 d - 5 potions of might
 f - 6 potions of curing
 i - 4 potions of invisibility {unknown}
 j - 6 potions of brilliance {unknown}
 l - 4 potions of berserk rage {unknown}
 m - 3 potions of mutation {unknown}
 o - 3 potions of degeneration {unknown}
 q - 4 potions of enlightenment {unknown}
 s - 3 potions of heal wounds {unknown}
 t - a potion of haste {unknown}
 G - a potion of lignification {unknown}


   Skills:
 + Level 12.4 Fighting
 + Level 16.8 Axes
 + Level 11.9 Armour
 + Level 8.6 Dodging
 + Level 2.9 Stealth
 + Level 10.1 Shields
 + Level 0.5 Unarmed Combat


You had 12 spell levels left.
You didn't know any spells.
Your spell library contained the following spells:

 Spells                   Type           Power      Damage    Failure   Level
 Magic Dart               Conj           0%         1d3       99%         1
 Cigotuvi's Dreadful Rot  Necr/Pois/Air  0%         N/A       100%        2
 Ensorcelled Hibernation  Hex/Ice        0%         N/A       100%        2
 Passwall                 Tmut/Erth      0%         N/A       100%        2
 Searing Ray              Conj           0%         2d4       100%        2
 Dazzling Flash           Conj/Hex       0%         N/A       100%        3
 Swiftness                Air            0%         N/A       100%        3
 Volatile Blastmotes      Fire/Tloc      0%         2d10      100%        3
 Dispel Undead            Necr           0%         3d6       100%        4
 Fulminant Prism          Conj/Hex       0%         3d5       100%        4
 Summon Forest            Summ/Tloc      0%         N/A       100%        5
 Death Channel            Necr           0%         N/A       100%        6
 Eringya's Noxious Bog    Tmut/Pois      0%         4d6       100%        6
 Starburst                Conj/Fire      0%         6d3       100%        6
 Summon Hydra             Summ           0%         N/A       100%        7
 Maxwell's Capacitive Co  Air            0%         ∞         100%        8


Dungeon Overview and Level Annotations

Branches:
Dungeon (11/15)              Lair (4/5) D:10         Shoals (0/4) Lair:2
 Spider (0/4) Lair:2          Orc (0/2) D:11          Sewer (visited)
 Temple: D:4-7        Slime: Lair:4-5

Altars:
Ashenzari
Elyvilon
Fedhas
Gozag
Hepliaklqana
Kikubaaqudgha
Okawaru
Qazlal
Sif Muna
Trog
Vehumet
Wu Jian
Xom
Yredelemnul
Zin
The Shining One

Shops:
D:11 ?


Innate Abilities, Weirdness & Mutations

You have a pair of horns on your head.
You reflexively headbutt those who attack you in melee.


Message History

The death yak is lightly wounded.
You hit the death yak.
The death yak looks as sick as possible!
The death yak gores you! The death yak gores you.
You hit the death yak but do no damage.
The death yak looks as sick as possible!
The death yak is lightly wounded.
You hit the death yak but do no damage.
The death yak looks as sick as possible!
The death yak gores you but does no damage.
The death yak gores you!
* * * LOW HITPOINT WARNING * * *
You hit the death yak but do no damage.
The death yak looks as sick as possible!
The death yak is lightly wounded.
You hit the death yak.
The death yak looks as sick as possible!
You slash the death yak!
The death yak looks as sick as possible!
You headbutt the death yak!
The death yak is heavily wounded.
You slash the death yak!
The death yak looks as sick as possible!
The death yak gores you but does no damage.
The death yak gores you!
* * * LOW HITPOINT WARNING * * *
You hit the death yak but do no damage.
The death yak looks as sick as possible!
You headbutt the death yak, but do no damage.
The death yak is heavily wounded.
You hit the death yak.
The death yak looks as sick as possible!
The death yak gores you but does no damage. x2
You hit the death yak.
The death yak looks as sick as possible!
The death yak is heavily wounded.
You barely miss the death yak. The death yak gores you!
* * * LOW HITPOINT WARNING * * *
The death yak gores you!
You die...

..........#.#.........#....
...........##.............
~..........#.#............
...............#.#...#.###
~..............###.##....#
~..............####......#
~.............P.#..........
~~............lY†#.........
.............#@##........
............Y##P........
...........## #........
#..... ......... #....
....♣♣♣♣♣ ...$. ..♣♣ #...
....


You could see 2 death yaks and a wyvern.

Vanquished Creatures
  Josephine (Lair:5)
  Harold (Lair:2)
  2 hydras
  A catoblepas (Lair:3)
  A centaur warrior (D:9)
  2 two-headed ogres (D:11)
  3 death yaks (Lair:5)
  Amaemon (Lair:3)
  Pikel (D:5)
  Maurice (D:8)
  Joseph (D:8)
  5 black mambas
  6 elephants
  A gargoyle (D:11)
  2 cane toads
  An orange demon (Lair:3)
  2 rime drakes
  An efreet (D:11)
  3 komodo dragons
  3 trolls
  A polar bear (Lair:4)
  Prince Ribbit (D:5)
  A wind drake (Lair:2)
  4 blink frogs (Lair:3)
  Grinder (D:4)
  A jumping spider (Lair:2)
  A shadow (D:11)
  Sigmund (D:2)
  26 yaks
  6 wyverns
  The ghost of orangepiccolo the Chopper, an amateur MiBe of Trog (D:4)
  6 wraiths
  5 basilisks
  Duvessa (D:5)
  10 water moccasins
  An acid dragon (D:11)
  2 ice beasts
  7 black bears
  6 orc warriors
  5 centaurs
  5 wolves (Lair:1)
  A phantom (D:6)
  Blork the orc (D:5)
  A gnoll sergeant (D:8)
  3 kobold brigands
  11 bullfrogs
  6 scorpions
  22 wights
  Dowan (D:5)
  3 killer bees (D:9)
  3 electric eels (D:9)
  3 howler monkeys (D:8)
  2 jellies
  A gnoll bouda (D:4)
  4 orc priests
  2 hounds (D:5)
  5 iguanas
  Natasha (thrice) (D:2)
  8 orc wizards
  Robin (D:2)
  17 gnolls
  3 adders
  A shadow imp (D:8)
  2 ufetubi
  A worm (D:2)
  2 dart slugs (D:3)
  29 orcs
  7 ball pythons
  4 endoplasms
  7 giant cockroaches
  17 goblins
  6 hobgoblins
  8 jackals
  22 kobolds
  12 quokkas
  9 bats
  6 frilled lizards
  5 rats
370 creatures vanquished.

Vanquished Creatures (others)
  A manticore (Lair:2)
1 creature vanquished.

Grand Total: 371 creatures vanquished

Notes
Turn   | Place    | Note
-------+----------+-------------------------------------------
     0 | D:1      | Maratek the Minotaur Fighter began the quest for the Orb.
     0 | D:1      | Reached XP level 1. HP: 19/19 MP: 0/0
   135 | D:1      | Found a faded altar of an unknown god.
   297 | D:1      | Reached XP level 2. HP: 27/27 MP: 1/1
   507 | D:1      | Reached skill level 3 in Axes
   989 | D:2      | Noticed Natasha
   994 | D:2      | Killed Natasha
   995 | D:2      | Reached XP level 3. HP: 27/33 MP: 2/2
  1323 | D:2      | Noticed Natasha
  1330 | D:2      | Killed Natasha
  1331 | D:2      | Reached XP level 4. HP: 35/41 MP: 3/3
  1432 | D:2      | Noticed Sigmund
  1569 | D:2      | Reached skill level 4 in Axes
  1589 | D:2      | Noticed Natasha
  1597 | D:2      | Killed Natasha
  1628 | D:2      | Reached XP level 5. HP: 47/47 MP: 4/4
  1695 | D:2      | Killed Sigmund
  1696 | D:2      | Reached skill level 5 in Axes
  1696 | D:2      | Reached skill level 1 in Dodging
  1696 | D:2      | Reached XP level 6. HP: 32/55 MP: 5/5
  1715 | D:2      | Noticed Robin
  1722 | D:2      | Killed Robin
  2040 | D:2      | Reached skill level 5 in Armour
  2822 | D:3      | Noticed an ice beast
  2828 | D:3      | Killed an ice beast
  2829 | D:3      | Reached skill level 5 in Fighting
  3040 | D:4      | Reached skill level 6 in Axes
  3040 | D:4      | Reached XP level 7. HP: 50/61 MP: 6/6
  3377 | D:4      | Noticed Grinder
  3387 | D:4      | Paralysed by Grinder for 2 turns
  3390 | D:4      | Killed Grinder
  3391 | D:4      | Reached skill level 7 in Axes
  3391 | D:4      | Reached skill level 5 in Shields
  3771 | D:4      | Found a runed translucent door.
  4009 | D:4      | Noticed orangepiccolo's ghost (amateur MiBe)
  4056 | D:4      | Identified a scroll of acquirement
  4056 | D:4      | Acquired a +1 vampiric war axe
  4202 | D:4      | Killed orangepiccolo's ghost
  4203 | D:4      | Reached XP level 8. HP: 63/69 MP: 7/7
  4222 | D:5      | Entered Level 5 of the Dungeon
  4247 | D:5      | Reached skill level 8 in Axes
  4251 | D:5      | Noticed Pikel
  4271 | D:5      | Killed Pikel
  4272 | D:5      | Reached skill level 1 in Stealth
  4428 | D:5      | Noticed Blork the orc
  4437 | D:5      | Killed Blork the orc
  4535 | D:5      | Found a glowing drain.
  4551 | D:5      | Noticed Prince Ribbit
  4571 | D:5      | Killed Prince Ribbit
  4572 | D:5      | Reached skill level 9 in Axes
  4774 | Sewer    | Entered a sewer
  4839 | Sewer    | Reached XP level 9. HP: 75/75 MP: 8/8
  5233 | D:5      | Noticed Dowan
  5234 | D:5      | Noticed Duvessa
  5245 | D:5      | Killed Dowan
  5255 | D:5      | Killed Duvessa
  5439 | D:6      | Reached skill level 10 in Axes
  6306 | D:7      | Reached skill level 11 in Axes
  6420 | D:7      | Found a hazy altar of Hepliaklqana.
  6421 | D:7      | Found a blossoming altar of Fedhas.
  6428 | D:7      | Found a glowing golden altar of the Shining One.
  6430 | D:7      | Found an opulent altar of Gozag.
  6431 | D:7      | Found a basalt altar of Yredelemnul.
  6433 | D:7      | Found a broken altar of Ashenzari.
  6437 | D:7      | Found a white marble altar of Elyvilon.
  6548 | D:7      | Found a radiant altar of Vehumet.
  6548 | D:7      | Found an ancient bone altar of Kikubaaqudgha.
  6549 | D:7      | Found a shimmering blue altar of Sif Muna.
  6589 | D:7      | Found a bloodstained altar of Trog.
  6697 | D:7      | Found an ornate altar of the Wu Jian Council.
  6730 | D:7      | Found a shimmering altar of Xom.
  6757 | D:7      | Reached XP level 10. HP: 86/86 MP: 9/9
  7307 | D:7      | Became a worshipper of Trog the Wrathful
  7816 | D:8      | Reached skill level 5 in Dodging
  8001 | D:8      | Noticed Maurice
  8014 | D:8      | Something stole an amulet of magic regeneration
  8018 | D:8      | Something stole 495 gold
  8048 | D:8      | Killed Maurice
  8048 | D:8      | Reached * piety under Trog
  8049 | D:8      | Reached skill level 12 in Axes
  8189 | D:8      | Noticed Joseph
  8202 | D:8      | Killed Joseph
  9175 | D:9      | Found an iron altar of Okawaru.
  9176 | D:9      | Found a stormy altar of Qazlal.
  9176 | D:9      | Found a glowing silver altar of Zin.
  9589 | D:9      | Noticed a centaur warrior
  9592 | D:9      | Reached ** piety under Trog
  9604 | D:9      | Killed a centaur warrior
  9605 | D:9      | Reached skill level 13 in Axes
  9605 | D:9      | Reached XP level 11. HP: 95/95 MP: 10/10
 10031 | D:10     | Entered Level 10 of the Dungeon
 10330 | D:10     | Found a staircase to the Lair.
 10954 | D:11     | Noticed a two-headed ogre
 10962 | D:11     | Killed a two-headed ogre
 10963 | D:11     | Reached skill level 14 in Axes
 11258 | D:11     | Found Jyenkung's Magic Scroll Boutique.
 11307 | D:11     | Found a staircase to the Orcish Mines.
 11328 | D:11     | Noticed a four-headed hydra
 11328 | D:11     | Noticed a centaur warrior
 11329 | D:11     | Noticed a boulder beetle
 11329 | D:11     | Noticed a tengu warrior
 11330 | D:11     | Noticed an eight-headed hydra
 11340 | D:11     | Noticed a fire dragon
 11342 | D:11     | Noticed an orc knight
 11344 | D:11     | Killed a 13-headed hydra
 11345 | D:11     | Reached skill level 10 in Fighting
 11348 | D:11     | Reached *** piety under Trog
 11349 | D:11     | Noticed a boulder beetle
 11360 | D:11     | Noticed a sixfirhy
 11363 | D:11     | HP: 3/99 [vampire mosquito (3)]
 11427 | D:11     | Noticed a two-headed ogre
 11438 | D:11     | Killed a two-headed ogre
 11439 | D:11     | Reached skill level 10 in Armour
 11559 | Lair:1   | Entered Level 1 of the Lair of Beasts
 11729 | Lair:1   | Reached skill level 15 in Axes
 11749 | Lair:1   | Reached XP level 12. HP: 106/106 MP: 11/11
 12567 | Lair:2   | Found a staircase to the Shoals.
 12865 | Lair:2   | Noticed a seven-headed hydra
 12878 | Lair:2   | Killed a 13-headed hydra
 13084 | Lair:2   | Noticed Harold
 13100 | Lair:2   | Killed Harold
 13265 | Lair:2   | Found a hole to the Spider Nest.
 13280 | Lair:2   | Reached skill level 16 in Axes
 13969 | Lair:3   | Reached **** piety under Trog
 14097 | Lair:3   | Noticed a catoblepas
 14123 | Lair:3   | Killed a catoblepas
 14181 | Lair:3   | Identified the +1 chain mail "Cang" {rPois rC+ Slay+3}
 14278 | Lair:3   | Reached skill level 10 in Shields
 14456 | Lair:3   | Noticed Amaemon
 14468 | Lair:3   | Killed Amaemon
 14469 | Lair:3   | Reached XP level 13. HP: 109/117 MP: 12/12
 14681 | Lair:4   | Identified the +3 plate armour of the Bruised Runes {*Slow
                  | Regen+ Int-2 Dex+9}
 14988 | Lair:4   | You fall into a shaft and drop 1 floor!
 14988 | Lair:5   | Entered Level 5 of the Lair of Beasts
 15019 | Lair:5   | Noticed Josephine
 15040 | Lair:5   | Killed Josephine
 15083 | Lair:5   | Mangled by a death yak

Illustrated notes

Levels and vault maps discovered:
D:1:      dpeg_arrival_tiny_f, layout_basic, hellmonk_ecumenical_altar_zigzags
D:2:      layout_basic, serial_bayou_pond_e, uniq_natasha, uniq_robin,
          uniq_sigmund
D:3:      layout_basic, chequers_serial_rivers_small_a
D:4:      layout_basic, ebering_ghost_sewer_d, grunt_ministairs_2, uniq_grinder
D:5:      layout_basic, portal_sewer_entry_f, grunt_ministairs_2, uniq_duvessa,
          uniq_pikel, uniq_prince_ribbit1, uniq_blork_the_orc
D:6:      layout_rooms, nicolae_houndstooth_variations
D:7:      layout_cave_pods, grunt_temple_overflow_magic_moments,
          trog_butcher_becter, pdpol_wu_jian_five_deadly_venoms,
          xom_butterflies, nicolae_overflow_hallway_of_the_gods,
          minmay_temple_entry_from_below_a, minivault_23, minivault_11
D:8:      layout_layer_cave, serial_rivers, chequers_serial_rivers_small_3,
          chequers_serial_rivers_small_b, chequers_serial_rivers_small_b,
          chequers_serial_rivers_micro_d, chequers_serial_rivers_micro_a,
          uniq_maurice, uniq_joseph
D:9:      cheibrodos_two_vegetables, layout_rooms,
          chequers_temple_overflow_statue_of_worship, st_stairs_13
D:10:     layout_basic, david_lair_generic
D:11:     minmay_the_grid_octo_tiled_squarecenter_mashed
          [minmay_the_grid_octo_pinwheel, minmay_the_grid_octo_clover,
          minmay_the_grid_octo_checkered, minmay_the_grid_octo_chip,
          minmay_the_grid_square_5x5_megaprize_checkered,
          minmay_the_grid_square_5x5_hollow_slash,
          minmay_the_grid_square_5x5_checkered_sparse,
          minmay_the_grid_square_5x5_trominoes, minmay_the_grid_square_5x5_two],
          layout_irregular_city, orc_0_dummy, serial_shops, shop
Lair:1:   layout_regular_city, beast_lair_carwin_3
Lair:2:   layout_small_grid, minmay_shoals_entry_beasts, spider_nest_entry_a,
          uniq_harold
Lair:3:   layout_chaotic_city, kennysheep_basilisk_garden, uniq_amaemon
Lair:4:   layout_concentric_octagons
Lair:5:   hellmonk_lair_end_abyssal_woods, layout_cave_pods, slime_entry_1,
          infiniplex_staircase_pool_2, grunt_megastairs_3, uniq_josephine

Skill      XL: |  1  2  3  4  5  6  7  8  9 10 11 12 13 |
---------------+----------------------------------------+-----
Fighting       | 4 5 6 7 8 10 11 12 | 12.4
Axes           | 3 4 5 6 7 9 11 13 15 16 | 16.8
Shields        | 4 5 6 8 9 10 | 10.1
Armour         | 4 5 6 7 8 9 10 11 | 11.9
Dodging        | 1 2 4 6 7 8 |  8.6
Stealth        | 1 2 |  2.9
Unarmed Combat | |  0.5

Action                     |  1- 3 |  4- 6 |  7- 9 | 10-12 | 13-15 || total
---------------------------+-------+-------+-------+-------+-------++-------
  Melee: War axe           |    59 |   113 |   295 |   626 |    79 ||  1172
         Headbutt          |     4 |     9 |    48 |   124 |    16 ||   201
         Unarmed           |       |     5 |       |       |       ||     5
 Invoke: Berserk           |       |       |       |     2 |       ||     2
    Use: Scroll            |       |     6 |     6 |    13 |       ||    25
   Stab: Sleeping          |       |       |       |     1 |       ||     1
 Armour: Scale mail        |    37 |    74 |    91 |       |       ||   202
         Skin              |       |     1 |       |       |       ||     1
         Ring mail         |       |       |    71 |   525 |       ||   596
         Chain mail        |       |       |       |    41 |     2 ||    43
         Plate armour      |       |       |       |       |    47 ||    47
  Dodge: Dodged            |    17 |    46 |   120 |   363 |    31 ||   577
  Block: Buckler           |    10 |    50 |   142 |   166 |    18 ||   386
         Reflection        |       |     3 |       |       |       ||     3

Table legend: (Time is in decaauts)
 A = Elapsed time spent in this place.
 B = Non-inter-level travel time spent in this place.
 C = Inter-level travel time spent in this place.
 D = Time resting spent in this place.
 E = Time spent auto-exploring this place.
 F = Levels seen in this place.
 G = Mean time per level.
                   A        B        C        D        E       F      G
               +--------+--------+--------+--------+--------+-----+--------+
         Total |  15121 |  14095 |   1026 |   1472 |  10247 |  17 |  889.5 |
       Dungeon |  11536 |  10547 |    989 |   1117 |   7668 |  11 | 1048.7 |
          Lair |   3462 |   3425 |     37 |    355 |   2495 |   5 |  692.4 |
         Sewer |    123 |    123 |      0 |      0 |     84 |   1 |  123.0 |
               +--------+--------+--------+--------+--------+-----+--------+

Top non-repeatable levels by time:
     D:8: 1440 daAuts
     D:7: 1414 daAuts
  Lair:2: 1320 daAuts
     D:4: 1284 daAuts
     D:2: 1156 daAuts
     D:5: 1082 daAuts
    D:10: 1017 daAuts
     D:1: 1007 daAuts
     D:9: 926 daAuts
  Lair:3: 859 daAuts
     D:3: 852 daAuts
     D:6: 849 daAuts
  Lair:1: 809 daAuts
    D:11: 506 daAuts
  Lair:4: 387 daAuts
